 Dungeon Crawl Stone Soup version 0.22.1-1-ga44c0e56f4 (webtiles) character file.

23510 Nebulos the Eclecticist (level 12, -16/64 HPs)
             Began as a Deep Elf Fire Elementalist on Sept 21, 2018.
             Was a High Priest of Kikubaaqudgha.
             Demolished by a catoblepas (36 damage)
             ... on level 14 of the Dungeon.
             The game lasted 00:53:56 (14170 turns).

Nebulos the Eclecticist (DEFE)                     Turns: 14170, Time: 00:53:57

Health: -16/64     AC:  8    Str:  9    XL:     12   Next: 72%
Magic:  42/49      EV: 16    Int: 27    God:    Kikubaaqudgha [*****.]
Gold:   267        SH:  0    Dex: 15    Spells: 12/43 levels left

rFire    + . .     SeeInvis .   z - staff of power
rCold    x . .     Gourm    .   (no shield)
rNeg     . . .     Faith    .   R - +0 leather armour {MR+}
rPois    .         Spirit   .   (no helmet)
rElec    +         Reflect  .   E - +1 cloak (curse)
rCorr    +         Harm     +   e - +0 pair of gloves
MR       ++...                  M - +1 pair of boots of Nots {rElec rCorr}
Stlth    ++........             y - amulet of harm
HPRegen  0.20/turn              g - +3 ring of strength
MPRegen  0.31/turn              f - ring of fire

@: no status effects
A: clever 1, deterioration 1
a: Receive Corpses, Torment, Renounce Religion


You were on level 14 of the Dungeon.
You worshipped Kikubaaqudgha.
Kikubaaqudgha was extremely pleased with you.
You were hungry.

You visited 2 branches of the dungeon, and saw 15 of its levels.

You collected 716 gold pieces.
You spent 449 gold pieces at shops.

Inventory:

Hand Weapons
 P - a +2 spear of freezing
Armour
 a - a +0 robe
 e - a +0 pair of gloves (worn)
 E - a cursed +1 cloak (worn)
 M - the +1 pair of boots of Nots (worn) {rElec rCorr}
   (You bought it in a shop on level 12 of the Dungeon)

   It insulates you from electricity.
   It provides partial protection from all sources of acid and corrosion.
 R - a +0 leather armour of magic resistance (worn)
Magical Staves
 z - an uncursed staff of power (weapon)
Jewellery
 f - a ring of fire (right hand)
 g - a +3 ring of strength (left hand)
 i - a +3 ring of slaying
 q - an uncursed amulet of the gourmand {unknown}
 w - an uncursed ring of fire
 y - an amulet of harm (around neck)
 A - a +4 ring of slaying
 J - an uncursed ring of positive energy
 K - an uncursed amulet of regeneration
 N - an uncursed amulet of rage
 O - an uncursed ring of stealth {unknown}
 Q - an uncursed ring of poison resistance {unknown}
Wands
 b - a wand of enslavement (12)
 h - a wand of iceblast (8)
 o - a wand of paralysis (7)
 F - a wand of scattershot (6)
 L - a wand of flame (31)
Scrolls
 d - 7 scrolls of remove curse
 k - 3 scrolls of enchant armour
 l - 11 scrolls of identify
 n - 3 scrolls of teleportation
 p - a scroll of fog
 u - 3 scrolls of magic mapping
 B - a scroll of fear
 H - a scroll of amnesia
 S - a scroll of immolation
Potions
 j - 2 potions of flight {unknown}
 m - a potion of ambrosia {unknown}
 r - a potion of invisibility {unknown}
 s - a potion of heal wounds
 t - 2 potions of brilliance {unknown}
 v - 3 potions of haste {unknown}
 x - 3 potions of lignification
 C - a potion of agility {unknown}
 D - a potion of resistance
 G - a potion of berserk rage {unknown}
 I - 4 potions of curing
 U - a potion of degeneration {unknown}
Comestibles
 c - 13 rations


   Skills:
 + Level 3.3 Fighting
 + Level 2.0 Armour
 + Level 7.5 Dodging
 - Level 2.5 Stealth
 * Level 16.4 Spellcasting
 + Level 10.7 Conjurations
 + Level 1.6 Charms
 + Level 6.9 Necromancy
 + Level 11.3 Fire Magic


You had 12 spell levels left.
You knew the following spells:

 Your Spells              Type           Power        Failure   Level  Hunger
a - Flame Tongue          Conj/Fire      #####        1%          1    None
b - Conjure Flame         Conj/Fire      #######.     1%          3    None
c - Fireball              Conj/Fire      #######...   1%          5    None
d - Sticky Flame          Conj/Fire      #######.     1%          4    None
e - Regeneration          Chrm/Necr      #####.....   1%          3    None
f - Borgnjor's Vile Clut  Necr/Erth      #####.....   21%         5    None
g - Dispel Undead         Necr           ######..     4%          5    None
h - Lightning Bolt        Conj/Air       ######....   9%          5    None

Your spell library contained the following spells:

 Spells                   Type           Power        Failure   Level  Hunger
 Animate Skeleton         Necr           N/A          1%          1    None
 Infusion                 Chrm           ####         1%          1    None
 Pain                     Necr           ####         1%          1    None
 Shock                    Conj/Air       ####         1%          1    None
 Sublimation of Blood     Necr           ######....   1%          2    None
 Throw Flame              Conj/Fire      ######       1%          2    None
 Inner Flame              Hex/Fire       ######..     1%          3    None
 Static Discharge         Conj/Air       ######..     1%          3    None
 Song of Slaying          Chrm           ####....     2%          2    None
 Apportation              Tloc           ###...       3%          1    None
 Summon Butterflies       Summ           ###.....     3%          1    None
 Shroud of Golubria       Chrm/Tloc      ####......   3%          2    None
 Swiftness                Chrm/Air       ####....     3%          2    None
 Agony                    Necr           ######..     4%          5    None
 Spectral Weapon          Hex/Chrm       ####....     6%          3    None
 Lesser Beckoning         Tloc           ###.......   9%          3    None
 Tukima's Dance           Hex            ###.....     9%          3    None
 Excruciating Wounds      Chrm/Necr      #####.....   14%         5    None
 Airstrike                Air            ###.......   28%         4    None
 Alistair's Intoxication  Tmut/Pois      ###.....     63%         5    None
 Simulacrum               Ice/Necr       #####.....   75%         6    ###....
 Ignition                 Fire           #######...   88%         8    ######.
 Invisibility             Hex            ###.....     99%         6    ###....
 Shatter                  Erth           ###.......   100%        9    #######
 Tornado                  Air            ###.......   100%        9    #######


Dungeon Overview and Level Annotations

Branches:
Dungeon (14/15)            Temple (1/1) D:5            Lair (0/6) D:10
    Orc (0/2) D:11         Vaults (0/5) D:13

Altars:
Ashenzari
Cheibriados
Dithmenos
Elyvilon
Fedhas
Gozag
Hepliaklqana
Kikubaaqudgha
Makhleb
Nemelex Xobeh
Okawaru
Qazlal
Ru
Sif Muna
Trog
Uskayaw
Vehumet
Wu Jian
Xom
Yredelemnul
Zin
The Shining One

Shops:
D:7 }   D:12 }**[:

Portals:
Trove: D:13 (give 4 potions of resistance)


Innate Abilities, Weirdness & Mutations

Your mind is acute. (Int +2)
Your body sometimes deteriorates upon taking damage.


Message History

The catoblepas burns!
The catoblepas breathes a plume of calcifying dust at you.
The blast of calcifying dust hits you!
The catoblepas burns!
The catoblepas misses you.
Casting: Sticky Flame (safe; 1% risk of failure)
Confirm with . or Enter, or press ? or * to list all spells.
Aiming: Sticky Flame (safe; 1% risk of failure)
Press: ? - help, Shift-Dir - straight line, f/p - catoblepas
Aim: a catoblepas (moderately wounded, covered in liquid flames)
You feel a surge of power!
The sticky flame hits the catoblepas.
The catoblepas is heavily wounded.
The catoblepas is covered in liquid flames!
The catoblepas burns!
The catoblepas gores you!!
Ouch! That really hurt!
The catoblepas burns!
The catoblepas rams the ground with its head heavily.
The catoblepas gores you!!
Ouch! That really hurt!
You die...
Kikubaaqudgha rasps: "You have failed me!
Welcome... death!"

. ##. ... ##.###
#######
%.#.######......
#§#........#.###
#########§##########.#
.......@Y§...........#
#########.##########.#
#.# #.# # #.# #.# #
#.# ### # #.# # #.# #
#.# # #


You could see a catoblepas (burning).

Vanquished Creatures
  2 vault guards (D:13)
  A centaur warrior (D:13)
  6 two-headed ogres
  An ugly thing (D:13)
  Pikel (D:4)
  Joseph (D:10)
  2 gargoyles
  3 centaur skeletons
  An efreet (D:13)
  2 trolls
  2 hornets
  A queen bee (D:8)
  5 slime creatures (D:12)
  Grinder (D:6)
  2 hippogriffs
  2 meliai zombies
  A centaur simulacrum (D:14)
  A vampire (D:14)
  22 humans
  A wraith (D:12)
  A hungry ghost (D:13)
  5 vampire mosquitoes (D:12)
  A water moccasin (D:13)
  7 orc warriors
  An ice beast (D:6)
  2 phantoms
  A hornet zombie (D:6)
  5 sky beasts
  2 black bears
  2 necrophages
  A slave (D:4)
  9 ogres
  13 centaurs
  6 big kobolds
  3 gnoll sergeants (D:11)
  7 bullfrogs
  7 scorpions
  A water moccasin skeleton (D:6)
  20 killer bees (D:8)
  8 wights
  4 electric eels (D:9)
  3 crimson imps
  2 quasits
  A bullfrog skeleton (D:5)
  4 bullfrog zombies
  4 orc priests
  4 hounds
  A jelly (D:11)
  4 orc wizards
  A gnoll shaman (D:7)
  Terence (D:2)
  4 iguanas
  14 worker ants
  A hound skeleton (D:7)
  3 worker ant zombies
  5 gnolls
  6 adders
  4 shadow imps
  2 oozes
  An adder zombie (D:8)
  4 worms
  3 dart slugs
  3 leopard geckos
  35 orcs
  7 giant cockroaches
  3 goblins
  9 hobgoblins
  12 jackals
  2 quokkas (D:8)
  6 bats
  4 frilled lizards
  7 kobolds
  11 rats
335 creatures vanquished.

Vanquished Creatures (others)
  A wizard (D:4)
1 creature vanquished.

Grand Total: 336 creatures vanquished

Notes
Turn   | Place    | Note
-------+----------+-------------------------------------------
     0 | D:1      | Nebulos the Deep Elf Fire Elementalist began the quest for
                  | the Orb.
     0 | D:1      | Reached XP level 1. HP: 10/10 MP: 6/6
   296 | D:1      | Reached XP level 2. HP: 15/15 MP: 5/8
   864 | D:1      | Reached XP level 3. HP: 19/19 MP: 8/10
  1143 | D:2      | Reached skill level 4 in Spellcasting
  1399 | D:2      | Reached XP level 4. HP: 16/24 MP: 10/12
  1522 | D:2      | Noticed Terence
  1546 | D:2      | Learned a level 3 spell: Conjure Flame
  1626 | D:2      | Killed Terence
  2258 | D:3      | Found a shimmering altar of Xom.
  2258 | D:3      | Found a shimmering altar of Xom.
  2259 | D:3      | Found a shimmering altar of Xom.
  2266 | D:3      | Found a bloodstained altar of Trog.
  2869 | D:4      | Reached XP level 5. HP: 18/28 MP: 7/14
  3279 | D:4      | Found an ornate altar of the Wu Jian Council.
  3322 | D:4      | Noticed a slave
  3337 | D:4      | Killed a slave
  3389 | D:4      | Noticed Pikel
  3389 | D:4      | Noticed a slave
  3389 | D:4      | Noticed a slave
  3389 | D:4      | Noticed a slave
  3416 | D:4      | Killed Pikel
  3416 | D:4      | Reached skill level 1 in Fighting
  3416 | D:4      | Reached skill level 6 in Spellcasting
  3416 | D:4      | Reached skill level 5 in Fire Magic
  3416 | D:4      | Reached XP level 6. HP: 31/35 MP: 0/17
  3416 | D:4      | Reached XP level 7. HP: 35/39 MP: 0/18
  3523 | D:4      | Gained mutation: Your flesh is heat resistant. (rF+)
                  | [potion of mutation]
  3523 | D:4      | Gained mutation: Your system is resistant to poisons.
                  | (rPois) [potion of mutation]
  3524 | D:4      | Lost mutation: Your flesh is heat resistant. (rF+) [potion
                  | of mutation]
  3524 | D:4      | Lost mutation: Your system is resistant to poisons. (rPois)
                  | [potion of mutation]
  3524 | D:4      | Gained mutation: Your body sometimes deteriorates upon
                  | taking damage. [potion of mutation]
  3524 | D:4      | Gained mutation: Your mind is acute. (Int +2) [potion of
                  | mutation]
  3549 | D:4      | Found a bloodstained altar of Trog.
  3550 | D:4      | Noticed a wizard
  3555 | D:4      | Killed a wizard
  3758 | D:5      | Entered Level 5 of the Dungeon
  3760 | D:5      | Found a glowing golden altar of the Shining One.
  3783 | D:5      | Found a white marble altar of Elyvilon.
  3784 | D:5      | Found a sparkling altar of Nemelex Xobeh.
  3785 | D:5      | Found a snail-covered altar of Cheibriados.
  3785 | D:5      | Found a blossoming altar of Fedhas.
  3786 | D:5      | Found an opulent altar of Gozag.
  3786 | D:5      | Found a burning altar of Makhleb.
  3814 | D:5      | Learned a level 5 spell: Fireball
  3825 | D:5      | Learned a level 4 spell: Sticky Flame
  3959 | D:5      | Found a staircase to the Ecumenical Temple.
  4034 | Temple   | Entered the Ecumenical Temple
  4131 | Temple   | Became a worshipper of Kikubaaqudgha
  4314 | D:5      | Reached skill level 7 in Spellcasting
  4601 | D:5      | Found a deep blue altar of Sif Muna.
  4786 | D:5      | Reached XP level 8. HP: 34/44 MP: 10/21
  4990 | D:5      | Reached skill level 5 in Conjurations
  5189 | D:5      | Reached skill level 8 in Spellcasting
  5764 | D:6      | Reached skill level 1 in Necromancy
  5774 | D:6      | Noticed Grinder
  6238 | D:6      | Reached skill level 9 in Spellcasting
  6493 | D:6      | Killed Grinder
  6493 | D:6      | Reached XP level 9. HP: 42/48 MP: 24/24
  6656 | D:6      | Reached skill level 5 in Dodging
  6777 | D:7      | Found Gejutoet's Gadget Boutique.
  6961 | D:7      | Found an iron altar of Okawaru.
  6983 | D:7      | Reached * piety under Kikubaaqudgha
  6983 | D:7      | Identified Kikubaaqudgha's Tome of Stolen Souls
                  | (Kikubaaqudgha gifted it to you on level 7 of the Dungeon)
  6983 | D:7      | Received a gift from Kikubaaqudgha
  6995 | D:7      | Learned a level 3 spell: Regeneration
  7043 | D:7      | Reached skill level 10 in Spellcasting
  7463 | D:7      | Found a glowing silver altar of Zin.
  7650 | D:6      | Reached skill level 5 in Necromancy
  7681 | D:6      | Found a deep blue altar of Sif Muna.
  7753 | D:6      | Reached ** piety under Kikubaaqudgha
  8123 | D:8      | Reached skill level 1 in Charms
  8168 | D:8      | Reached XP level 10. HP: 16/55 MP: 26/26
  8344 | D:8      | Noticed a two-headed ogre
  8349 | D:8      | Killed a two-headed ogre
  8425 | D:8      | Found a radiant altar of Vehumet.
  8441 | D:8      | Reached skill level 11 in Spellcasting
  8456 | D:8      | Reached *** piety under Kikubaaqudgha
  8456 | D:8      | Identified Kikubaaqudgha's Disquisition on Unholy Magic
                  | (Kikubaaqudgha gifted it to you on level 8 of the Dungeon)
  8456 | D:8      | Received a gift from Kikubaaqudgha
  9504 | D:9      | Noticed a two-headed ogre
  9508 | D:9      | Killed a two-headed ogre
  9550 | D:9      | Reached skill level 12 in Spellcasting
 10094 | D:10     | Entered Level 10 of the Dungeon
 10119 | D:10     | Noticed Joseph
 10123 | D:10     | Killed Joseph
 10123 | D:10     | Reached XP level 11. HP: 60/60 MP: 22/29
 10466 | D:10     | Found a staircase to the Lair.
 10491 | D:10     | Learned a level 5 spell: Borgnjor's Vile Clutch
 10497 | D:10     | Learned a level 5 spell: Dispel Undead
 10804 | D:11     | Reached **** piety under Kikubaaqudgha
 10813 | D:11     | Noticed a two-headed ogre
 10817 | D:11     | Killed a two-headed ogre
 11059 | D:11     | Found a staircase to the Orcish Mines.
 11069 | D:11     | Reached skill level 13 in Spellcasting
 11699 | D:12     | Found Puhuor's General Store.
 11703 | D:12     | Bought a scroll of teleportation for 42 gold pieces
 11788 | D:12     | Found Kucuucwi's General Store.
 11793 | D:12     | Bought the +1 pair of boots of Nots {rElec rCorr} for 407
                  | gold pieces
 11904 | D:12     | Reached skill level 10 in Fire Magic
 11975 | D:12     | Found Tifin's Book Emporium.
 12164 | D:12     | Noticed a two-headed ogre
 12169 | D:12     | Killed a two-headed ogre
 12224 | D:12     | Found Cigeel's Gadget Shoppe.
 12247 | D:12     | Reached skill level 14 in Spellcasting
 12283 | D:12     | Reached ***** piety under Kikubaaqudgha
 12320 | D:12     | Found Lourch's Armour Shoppe.
 12347 | D:12     | Reached skill level 10 in Conjurations
 12614 | D:13     | Noticed a centaur warrior
 12631 | D:13     | Killed a centaur warrior
 12631 | D:13     | Reached XP level 12. HP: 27/64 MP: 17/32
 12721 | D:13     | Noticed a vault guard
 12726 | D:13     | Reached skill level 15 in Spellcasting
 12826 | D:13     | Noticed a two-headed ogre
 12828 | D:13     | Killed a two-headed ogre
 12835 | D:13     | Noticed a vault guard
 12836 | D:13     | Killed a vault guard
 12846 | D:13     | Killed a vault guard
 13113 | D:13     | Reached skill level 1 in Armour
 13148 | D:13     | Noticed a two-headed ogre
 13152 | D:13     | Killed a two-headed ogre
 13152 | D:13     | Reached skill level 16 in Spellcasting
 13343 | D:13     | Learned a level 5 spell: Lightning Bolt
 13406 | D:13     | Found a gate to the Vaults.
 13438 | D:13     | Found a portal to a secret trove of treasure.
 14165 | D:14     | Noticed a catoblepas
 14170 | D:14     | Demolished by a catoblepas

Skill      XL: |  1  2  3  4  5  6  7  8  9 10 11 12 |
---------------+-------------------------------------+-----
Fire Magic     | 4 5 7 8 9 10 11 | 11.3
Spellcasting   | 4 6 7 9 10 12 14 16 | 16.4
Conjurations   | 2 4 6 7 8 10 | 10.7
Dodging        | 3 4 5 6 7 |  7.5
Fighting       | 1 2 3 |  3.3
Necromancy     | 3 5 6 |  6.9
Charms         | 1 |  1.6
Armour         | 2 |  2.0
Stealth        | |  2.5

Action                   |  1- 3 |  4- 6 |  7- 9 | 10-12 || total
-------------------------+-------+-------+-------+-------++-------
Melee: Unarmed           |     2 |       |       |       ||     2
       Dagger            |    25 |       |       |       ||    25
       Short sword       |    33 |    63 |       |       ||    96
       Rapier            |       |       |    21 |    78 ||    99
       Staff             |       |       |     6 |     2 ||     8
       Spear             |       |       |       |    32 ||    32
 Cast: Flame Tongue      |    57 |    57 |   221 |   111 ||   446
       Conjure Flame     |       |     7 |     2 |     5 ||    14
       Sticky Flame      |       |       |    12 |    39 ||    51
       Fireball          |       |       |    16 |   114 ||   130
       Regeneration      |       |       |     1 |     4 ||     5
       Lightning Bolt    |       |       |       |     4 ||     4
  Use: Scroll            |     1 |       |     5 |    17 ||    23
       Potion            |       |     2 |     3 |     1 ||     6
 Stab: Sleeping          |     8 |     1 |     1 |       ||    10
  Eat: Chunk             |     1 |     5 |    10 |    17 ||    33
       Ration            |       |     1 |     2 |     2 ||     5
Armor: Robe              |    19 |    21 |    16 |    23 ||    79
       Skin              |       |    10 |       |       ||    10
       Leather armour    |       |       |       |    16 ||    16
Dodge: Dodged            |    49 |    68 |   135 |   160 ||   412
